 Seeded DCSS version 0.30-a0-691-g754fce4c43 (webtiles) character file.

Game seed: 17365753456818501753 (custom seed)

312 BigDaddyOpFi the Shield-Bearer (level 6, 0/49 HPs)
             Began as a Formicid Fighter on Jan 19, 2023.
             Slain by an ogre
             ... wielding a +0 giant spiked club
              (27 damage)
             ... on level 4 of the Dungeon.
             The game lasted 00:02:36 (2732 turns).

BigDaddyOpFi the Shield-Bearer (Formicid Fighter)   Turns: 2732, Time: 00:02:37

Health: 0/49       AC:  7    Str: 23    XL:     6   Next: 71%
Magic:  15/15      EV:  9    Int:  7    God:
Gold:   236        SH:  5    Dex: 13    Spells: 5/5 levels left

rFire   . . .      SeeInvis +    j - +2 great mace (protect)
rCold   . . .      Faith    +    c - +0 buckler
rNeg    . . .      Spirit   .    b - +0 scale mail
rPois   .          Reflect  .    (helmet unavailable)
rElec   .          Harm     .    (no cloak)
rCorr   .          Rampage  .    (no gloves)
Will    .....                    (no boots) Stlth
                                 h - amulet of faith
HPRegen 0.28/turn                p - ring of magical power
MPRegen 0.14/turn                (no ring)

@: no status effects
A: permanent stasis, dig shafts and tunnels, antennae 3, four strong arms
a: Dig, Shaft Self


You were on level 4 of the Dungeon.
You visited 1 branch of the dungeon, and saw 4 of its levels.

You collected 236 gold pieces.

Inventory:

Hand Weapons
 a - a +1 war axe
 j - a +2 great mace of protection (weapon)
Armour
 b - a +0 scale mail (worn)
 c - a +0 buckler (worn)
Jewellery
 h - an amulet of faith (around neck)
 p - a ring of magical power (left hand)
 t - a ring of fire
Scrolls
 e - 3 scrolls of fear
 f - 5 scrolls of identify
 i - 2 scrolls of fog
 l - a scroll of poison {unknown}
 m - 2 scrolls of immolation {unknown}
 n - a scroll of enchant armour {unknown}
Potions
 d - 4 potions of might
 g - a potion of berserk rage {unknown}
 k - a potion of cancellation
 o - a potion of haste
 q - a potion of attraction {unknown}
 r - a potion of curing {unknown}
 s - 2 potions of heal wounds {unknown}


   Skills:
 + Level 4.7 Fighting
 - Level 2.7(3.1) Axes
 + Level 2.0(2.7) Maces & Flails
 + Level 4.7 Armour
 + Level 5.8 Shields


You had 5 spell levels left.
You didn't know any spells.
Your spell library contained the following spells:

 Spells                   Type           Power      Damage    Failure   Level
 Inner Flame              Hex/Fire       0%         N/A       99%         3
 Cause Fear               Hex            0%         N/A       100%        4
 Discord                  Hex            0%         N/A       100%        8


Dungeon Overview and Level Annotations

Branches:
Dungeon (4/15)
 Temple: D:4-7

Altars:
Dithmenos
Ru


Innate Abilities, Weirdness & Mutations

You cannot be hasted, slowed, berserked, paralysed or teleported.
You can dig through walls and to a lower floor.
You have a pair of large antennae on your head. (SInv)
Your four strong arms can wield two-handed weapons with a shield.


Message History

There is an open door here.
You open the door.
There is an open door here.
You open the large door.
There is a large open door here.
There is a large open door here.
You now have 236 gold pieces (gained 5).
You sense a monster nearby.
You open the door.
Found a sacrificial altar of Ru and a shadowy altar of Dithmenos.
No target in view!
An orc comes into view. It is wielding a +0 dagger.
The orc shouts!
There is an open door here.
No reachable target in view!
An orc is nearby!
No reachable target in view!
An orc is nearby!
No reachable target in view!
No reachable target in view!
An orc is nearby!
No reachable target in view!
An orc is nearby!
No target in view!
An ogre comes into view. It is wielding a +0 giant spiked club.
Found 4 gold pieces.
The ogre shouts!
You sock the orc!
Your weapon exudes an aura of protection.
You kill the orc!
Found 2 glowing clear potions.
The ogre hits you with a +0 giant spiked club.
Things that are here:
a +0 dagger; 14 gold pieces; an orc corpse You barely miss the ogre.
The ogre hits you with a +0 giant spiked club!!
You barely miss the ogre.
The ogre hits you with a +0 giant spiked club!!
Ouch! That really hurt!
You die...

#....<.....#
#..........#
#..........###
#.............
..###.######.# ###
#.# #.# # #.# #.##
#.# #..#######... #.#
#....@....... .#
#...#8O.8#..!
#..##....#
#.##......# #.#
#.$$$## ###
#.######## ..#
#.#⌠...... ..###+####
#.#.._.._.
..##.....###.'⌠......


You could see an ogre.

Vanquished Creatures
  Sigmund (D:3)
  A hound (D:4)
  Jessica (D:3)
  4 adders
  2 worms
  A dart slug (D:3)
  2 orcs
  9 bats
  6 endoplasms
  3 giant cockroaches
  7 goblins
  3 hobgoblins
  2 jackals (D:1)
  8 kobolds
  2 quokkas
  3 ball pythons
  4 frilled lizards
  5 rats
64 creatures vanquished.

Notes
Turn   | Place    | Note
-------+----------+-------------------------------------------
     0 | D:1      | BigDaddyOpFi the Formicid Fighter began the quest for the
                  | Orb.
     0 | D:1      | Reached XP level 1. HP: 18/18 MP: 1/1
    65 | D:1      | Reached XP level 2. HP: 22/24 MP: 2/2
   437 | D:1      | Reached XP level 3. HP: 29/29 MP: 3/3
  1127 | D:2      | Reached XP level 4. HP: 37/37 MP: 4/4
  1386 | D:2      | Identified a scroll of acquirement
  1386 | D:2      | Acquired a +2 great mace of protection
  1901 | D:3      | Reached skill level 5 in Shields
  1916 | D:3      | Found a faded altar of an unknown god.
  1925 | D:3      | Reached XP level 5. HP: 42/42 MP: 5/5
  2045 | D:3      | Noticed Sigmund
  2049 | D:3      | Noticed Jessica
  2054 | D:3      | Killed Sigmund
  2055 | D:3      | Reached skill level 1 in Maces & Flails
  2055 | D:3      | Reached XP level 6. HP: 49/49 MP: 6/6
  2057 | D:3      | Killed Jessica
  2715 | D:4      | Found a sacrificial altar of Ru.
  2715 | D:4      | Found a shadowy altar of Dithmenos.
  2727 | D:4      | Noticed an ogre
  2732 | D:4      | Slain by an ogre

Illustrated notes

Levels and vault maps discovered:
D:1:      onia_arrival_handbag, layout_loops_cross
D:2:      layout_basic
D:3:      layout_rooms, ebering_ecumenical_altar_rust,
          chequers_hall_statues_wall_a, uniq_sigmund, uniq_jessica
D:4:      layout_basic, lemuel_tele_altar, jmf_multi_god_temple,
          minmay_temple_entry_overgrown

Skill      XL: |  1  2  3  4  5  6 |
---------------+-------------------+-----
Fighting       | 4 |  4.7
Armour         | 4 |  4.7
Shields        | 5 |  5.8
Maces & Flails | 1 2 |  2.0
Axes           | |  2.7

Action                   |  1- 3 |  4- 6 || total
-------------------------+-------+-------++-------
Melee: War axe           |    91 |    34 ||   125
       Great mace        |       |    60 ||    60
  Use: Scroll            |     4 |     2 ||     6
       Potion            |       |     3 ||     3
Armor: Scale mail        |    41 |    62 ||   103
Dodge: Dodged            |    47 |    52 ||    99
Block: Buckler           |    23 |    29 ||    52

Table legend: (Time is in decaauts)
 A = Elapsed time spent in this place.
 B = Non-inter-level travel time spent in this place.
 C = Inter-level travel time spent in this place.
 D = Time resting spent in this place.
 E = Time spent auto-exploring this place.
 F = Levels seen in this place.
 G = Mean time per level.
                   A        B        C        D        E       F      G
               +--------+--------+--------+--------+--------+-----+--------+
         Total |   2818 |   2764 |     54 |      0 |   2227 |   4 |  704.5 |
       Dungeon |   2818 |   2764 |     54 |      0 |   2227 |   4 |  704.5 |
               +--------+--------+--------+--------+--------+-----+--------+

Top non-repeatable levels by time:
     D:2: 1050 daAuts
     D:1: 764 daAuts
     D:3: 544 daAuts
     D:4: 460 daAuts
